 Dungeon Crawl Stone Soup version 0.21-a0-225-g207ae17 (webtiles) character file.

522 Blomdor the Cleaver (level 7, 0/60 HPs)
             Began as a Barachi Skald on Aug 29, 2017.
             Killed from afar by an orc wizard (11 damage)
             ... with a magic dart
             ... on level 4 of the Dungeon.
             The game lasted 00:06:35 (3754 turns).

Blomdor the Cleaver (Barachi Skald)                 Turns: 3754, Time: 00:06:36

Health: 0/60       AC: 11    Str: 15    XL:     7   Next: 22%
Magic:  10/10      EV:  8    Int: 13    God:
Gold:   155        SH:  0    Dex: 11    Spells: 9/10 levels left

rFire    . . .     SeeInvis .   o - +0 war axe
rCold    . . .     Gourm    .   (no shield)
rNeg     . . .     Faith    .   i - +0 chain mail
rPois    .         Spirit   .   v - +0 helmet
rElec    .         Reflect  .   (no cloak)
rCorr    .         Harm     .   (no gloves)
MR       .....                  (no boots)
Stlth    ..........             (no amulet)
HPRegen  0.20/turn              x - ring of stealth
MPRegen  0.12/turn              n - ring of flight

@: slowed, very slow
A: +LOS, swims, slowness 1, strong legs 1
a: Hop, Evoke Flight


You were on level 4 of the Dungeon.
You were hungry.

You visited 1 branch of the dungeon, and saw 4 of its levels.

You collected 155 gold pieces.

Inventory:

Hand Weapons
 o - a +0 war axe (weapon)
 w - a +0 blowgun
Missiles
 g - 3 curare-tipped needles
Armour
 i - a +0 chain mail (worn)
 v - a +0 helmet (worn)
Jewellery
 b - a cursed ring of teleportation {unknown}
 n - a ring of flight (right hand)
 p - an uncursed ring of magical power
 t - an uncursed ring of fire {unknown}
 x - a ring of stealth (left hand)
Scrolls
 a - a scroll of identify
 e - a scroll of magic mapping
 h - 2 scrolls of remove curse
 l - a scroll of recharging
 m - 8 scrolls of teleportation
Potions
 j - 2 potions of might {unknown}
 k - a potion of mutation {unknown}
 z - a potion of haste
Books
 c - a book of Battle

   Spells                             Type                      Level
   a - Infusion                       Charms                       1
   b - Shroud of Golubria             Charms/Translocation         2
   c - Song of Slaying                Charms                       2
   d - Spectral Weapon                Hexes/Charms                 3
   e - Regeneration                   Charms/Necromancy            3
Comestibles
 d - 5 bread rations
 f - 2 royal jellies
 q - 4 meat rations
 u - a fruit


   Skills:
 + Level 7.5 Fighting
 * Level 10.1 Axes
 + Level 7.2 Armour
 + Level 3.4 Dodging
 - Level 2.1 Spellcasting
 - Level 3.2 Charms


You had 9 spell levels left.
You knew the following spells:

 Your Spells              Type           Power        Failure   Level  Hunger
a - Infusion              Chrm           #...         67%         1    ##.....


Dungeon Overview and Level Annotations

Branches:
Dungeon (4/15)
 Temple: D:4-7

Altars:
Ru


Innate Abilities, Weirdness & Mutations

Shadows flee at your approach. (+LOS)
You can swim through water.
You cover ground slowly.
You can hop short distances.


Message History

The orc wizard hits you but does no damage.
The orc wizard gestures at you while chanting.
You resist with some effort.
The orc priest calls down the wrath of Beogh upon you.
You struggle to resist.
The orc hits you but does no damage. The orc barely misses you.
The orc wizard hits you but does no damage.
The orc priest hits you but does no damage.
You closely miss the orc priest.
The orc priest is severely wounded.
You slash the orc!
You kill the orc!
You slash the orc!
You kill the orc!
You hit the orc wizard.
The orc wizard hits you but does no damage.
The orc priest hits you but does no damage.
The orc wizard casts a spell at you. The magic dart hits you!
You die...

.>..........#
###########.##
#..# ##.# #.#
#.# #.#
#.############
#...o@o.......
#...#[)#..#..#
#............
#.............
#............
#)..#..#..#..#
#.............
##############


You could see an orc priest and an orc wizard.

Vanquished Creatures
  A sky beast (D:4)
  An orc priest (D:4)
  An orc wizard (D:3)
  2 worker ants (D:4)
  4 gnolls (D:3)
  10 adders
  2 oozes
  3 worms (D:3)
  2 dart slugs
  2 leopard geckos
  16 orcs
  6 bats
  5 giant cockroaches
  6 goblins
  4 hobgoblins
  4 jackals (D:3)
  2 quokkas
  9 frilled lizards
  12 kobolds
  5 rats
97 creatures vanquished.

Notes
Turn   | Place    | Note
-------+----------+-------------------------------------------
     0 | D:1      | Blomdor the Barachi Skald began the quest for the Orb.
     0 | D:1      | Reached XP level 1. HP: 17/17 MP: 3/3
   321 | D:1      | Reached XP level 2. HP: 19/23 MP: 5/5
   323 | D:1      | Reached skill level 3 in Axes
   575 | D:2      | Reached skill level 4 in Axes
   575 | D:2      | Reached XP level 3. HP: 17/28 MP: 6/6
  1369 | D:2      | Reached XP level 4. HP: 31/34 MP: 7/7
  1635 | D:2      | Reached skill level 9 in Axes
  1635 | D:2      | Reached XP level 5. HP: 48/48 MP: 8/8
  2110 | D:3      | Reached XP level 6. HP: 51/55 MP: 9/9
  2590 | D:3      | Reached skill level 10 in Axes
  3662 | D:4      | Noticed a sky beast
  3675 | D:4      | Found a sacrificial altar of Ru.
  3686 | D:4      | Killed a sky beast
  3686 | D:4      | Reached XP level 7. HP: 53/60 MP: 10/10
  3747 | D:4      | HP: 3/60 [orc priest/divine providence (14)]
  3754 | D:4      | Killed from afar by an orc wizard

Vault maps used:
D:1:      saegor_arrival_simple_c
D:2:      corexii_corridor_pit, kennysheep_generic_room_7
D:3:      grunt_ministairs_6
D:4:      lemuel_coloured_pillars_altar, temple_hall, first_bread

Skill      XL: |  1  2  3  4  5  6 |
---------------+-------------------+-----
Axes           | 4 9 10 | 10.1
Fighting       | 7 |  7.5
Armour         | 7 |  7.2
Dodging        | 3 |  3.4
Spellcasting   | |  2.1
Charms         | |  3.2

Action                   |  1- 3 |  4- 6 |  7- 9 || total
-------------------------+-------+-------+-------++-------
Melee: Hand axe          |   108 |   213 |       ||   321
       War axe           |       |    32 |    12 ||    44
  Use: Scroll            |     7 |     4 |       ||    11
       Potion            |     2 |     1 |     2 ||     5
  Eat: Chunk             |     2 |     8 |       ||    10
Armor: Leather armour    |    32 |       |       ||    32
       Chain mail        |    27 |   112 |    32 ||   171
Dodge: Dodged            |    77 |    83 |    17 ||   177

Table legend:
 A = Spawn XP
 B = Non-spawn XP
 C = Spawn XP percentage of total XP
 D = Spawn monster count
 E = Non-spawn monster count
 F = Spawn count percentage of total count
 G = Total turns spent on level
                    A         B        C        D         E        F      G
               +---------+---------+-------+---------+---------+-------+---------
         Total |     101 |     543 |  15.7 |      12 |      85 |  12.4 |  3754
               +---------+---------+-------+---------+---------+-------+---------
           D:1 |       2 |      22 |   8.3 |       1 |      12 |   7.7 |   570
           D:2 |       3 |      80 |   3.6 |       2 |      24 |   7.7 |  1191
           D:3 |      56 |     205 |  21.5 |       6 |      38 |  13.6 |  1124
           D:4 |      40 |     236 |  14.5 |       3 |      11 |  21.4 |   869
               +---------+---------+-------+---------+---------+-------+---------
